[Event "Titled Tuesday Blitz February 14 Late 2023"]
[White "Mekhitarian, Krikor Sevag"]
[Black "Prem, Pranav"]
[WhiteFideId "2107660"]
[BlackFideId "30901057"]
[WhiteElo "2537"]
[BlackElo "2061"]
[Result "1-0"]
[Round "05"]
[TimeControl "180+2"]
[Date "2023.02.14"]
[WhiteClock "0:00:06"]
[BlackClock "0:00:02"]

1. Nf3 d5 2. c4 e6 3. e3 Nf6 4. Nc3 Be7 5. b3 O-O 6. Bb2 c5 7. cxd5 exd5 8. d4 b6 9. Rc1 Bb7 10. Bd3 Nbd7 11. O-O Rc8 12. Bf5 g6 13. Bh3 Ra8 14. dxc5 bxc5 15. Na4 Ne4 16. Qc2 f5 17. Rfd1 Nb6 18. Nc3 Nf6 19. Ne2 Ne4 20. g3 Qd6 21. Bg2 Rfd8 22. Nf4 Rac8 23. h4 Bf6 24. Nd3 Qf8 25. a4 c4 26. bxc4 dxc4 27. Nf4 c3 28. Ba1 Qf7 29. Nd4 Bxd4 30. exd4 Qc4 31. d5 Nxd5 32. Nxd5 Bxd5 33. a5 Qc5 34. Re1 Qxa5 35. Qd3 Qc5 36. Qf3 Nf6 37. Qf4 Bxg2 38. Kxg2 Ne4 39. Re3 Rd2 40. Rf3 Qd4 41. h5 a5 42. Qh6 Qg7 43. Qe3 Qd4 44. Qf4 Qg7 45. Re1 Rc2 46. Rd3 Ra2 47. h6 Qf6 48. Rd7 Rxa1 49. Rg7+ Qxg7 50. hxg7 Rd1 51. Rxd1 c2 52. Rc1 Nc3 53. Qe5 1-0


[Site "https://www.chess.com"]

[Event "Titled Tuesday Blitz February 14 Late 2023"]
[White "Defend, Balint"]
[Black "Christiansen, Johan-Sebastian"]
[WhiteFideId "17004853"]
[BlackFideId "1512668"]
[WhiteElo "1673"]
[BlackElo "2579"]
[Result "0-1"]
[Round "05"]
[TimeControl "180+2"]
[Date "2023.02.14"]
[WhiteClock "0:00:53"]
[BlackClock "0:01:10"]

1. e4 e5 2. Nf3 Nc6 3. Bc4 Nf6 4. d4 exd4 5. e5 d5 6. Bb5 Ne4 7. Nxd4 Bc5 8. Be3 O-O 9. Nxc6 bxc6 10. Bxc5 Nxc5 11. Bxc6 Rb8 12. Qxd5 Qe7 13. O-O Rxb2 14. Na3 Rd8 15. Qf3 Be6 16. Qc3 Rb6 17. Bf3 h6 18. Rfd1 Rdb8 19. Nc4 Na4 20. Qa3 Qxa3 21. Nxa3 Nc3 22. Rd4 Ra6 23. Nc4 Ra4 0-1


[Site "https://www.chess.com"]

[Event "Titled Tuesday Blitz February 14 Late 2023"]
[White "Tsaruk, Maksim"]
[Black "Manukyan, Artyom"]
[WhiteFideId "13511173"]
[BlackFideId "13305786"]
[WhiteElo "2373"]
[BlackElo "2110"]
[Result "1-0"]
[Round "05"]
[TimeControl "180+2"]
[Date "2023.02.14"]
[WhiteClock "0:00:13"]
[BlackClock "0:00:02"]

1. e4 c5 2. Nf3 d6 3. d4 cxd4 4. Nxd4 Nf6 5. Nc3 g6 6. Be3 Bg7 7. Bc4 O-O 8. Bb3 Nc6 9. h3 Bd7 10. O-O Rc8 11. Qd2 a6 12. Rad1 Ne5 13. Bh6 Nc4 14. Bxc4 Rxc4 15. Bxg7 Kxg7 16. Rfe1 b5 17. Nd5 e6 18. Nxf6 Qxf6 19. c3 Rd8 20. Nb3 Rc6 21. Na5 Rb6 22. Qe3 Rdb8 23. e5 Qf5 24. Rxd6 Rxd6 25. exd6 Qd5 26. Qe5+ Qxe5 27. Rxe5 Rb6 28. f4 Rxd6 29. Kf2 Rd2+ 30. Re2 Rxe2+ 31. Kxe2 Kf6 32. Ke3 e5 33. h4 h6 34. b3 exf4+ 35. Kxf4 g5+ 36. hxg5+ hxg5+ 37. Ke4 Ke6 38. Kd4 f5 39. g3 Bc8 40. Nc6 Kd6 41. Ne5 Be6 42. Nf3 f4 43. gxf4 gxf4 44. Ke4 a5 45. Nd4 Bd5+ 46. Kxf4 Kc5 47. Ke5 Bg8 48. Ne6+ Kc6 49. a3 Bh7 50. Nd4+ Kb6 51. Kd6 Bg8 52. Ne6 Bh7 53. c4 bxc4 54. bxc4 Be4 55. Nc7 Bh1 56. c5+ Kb7 57. Nd5 a4 58. c6+ Ka6 59. c7 Kb7 60. Ne7 1-0


[Site "https://www.chess.com"]

[Event "Titled Tuesday Blitz February 14 Late 2023"]
[White "Remolar Gallen, Jose"]
[Black "Tanenbaum, Zachary"]
[WhiteFideId "2215187"]
[BlackFideId "2060850"]
[WhiteElo "2285"]
[BlackElo "2261"]
[Result "1-0"]
[Round "05"]
[TimeControl "180+2"]
[Date "2023.02.14"]
[WhiteClock "0:00:08"]
[BlackClock "0:00:01"]

1. d4 d5 2. c4 dxc4 3. Nf3 Nf6 4. e3 Bg4 5. Bxc4 e6 6. h3 Bh5 7. O-O Nbd7 8. Nc3 Bb4 9. Bd2 O-O 10. a3 Bxc3 11. bxc3 c5 12. Rb1 Bg6 13. Rb2 Rc8 14. Qe2 Nb6 15. Bb3 Qe7 16. Ra1 Ne4 17. Be1 cxd4 18. cxd4 Nc3 19. Qf1 Nbd5 20. Ne5 Be4 21. Bd2 f6 22. Nd3 b6 23. f3 Bxd3 24. Qxd3 f5 25. Rc2 Qg5 26. Re1 Qg3 27. Rxc3 Nxc3 28. Bxe6+ Kh8 29. Bxc8 Nd5 30. Bxf5 Re8 31. Be4 Nf6 32. d5 Nxe4 33. fxe4 Rf8 34. Rf1 Re8 35. Bc3 h6 36. Qd4 Kh7 37. e5 Rd8 38. Qe4+ Kg8 39. e6 Rc8 40. e7 Re8 41. Rf8+ Rxf8 42. Qe6+ Kh7 43. exf8=Q Qg6 44. Qfg8# 1-0


[Site "https://www.chess.com"]

[Event "Titled Tuesday Blitz February 14 Late 2023"]
[White "Fernandez Guillen, Ernesto J."]
[Black "Jovic, Stanoje"]
[WhiteFideId "3512428"]
[BlackFideId "905020"]
[WhiteElo "2477"]
[BlackElo "2075"]
[Result "1-0"]
[Round "05"]
[TimeControl "180+2"]
[Date "2023.02.14"]
[WhiteClock "0:00:10"]
[BlackClock "0:00:14"]

1. e4 c6 2. d4 d5 3. e5 c5 4. dxc5 e6 5. a3 Bxc5 6. b4 Be7 7. Qg4 g6 8. Nf3 Nc6 9. h4 Qc7 10. Bb2 h5 11. Qf4 Nh6 12. Bd3 f5 13. Nc3 a6 14. O-O Ng4 15. Rfe1 Bd7 16. Ne2 O-O-O 17. Ned4 Rdg8 18. Nxc6 Bxc6 19. Bd4 Bxh4 20. Nxh4 g5 21. Qg3 gxh4 22. Qxh4 Rg6 23. f3 Nh6 24. Re2 Bb5 25. a4 Bc4 26. b5 a5 27. Ra3 Nf7 28. Rc3 Rhg8 29. Qf4 b6 30. Kf1 Kb7 31. Bg1 Rc8 32. Bxc4 dxc4 33. Qd4 Rgg8 34. Rxc4 Qd8 35. Qxd8 Rgxd8 36. Rxc8 Rxc8 37. Rd2 Nxe5 38. Bh2 Nc4 39. Rd7+ Ka8 40. Bg1 f4 41. Re7 e5 42. Ke2 h4 43. Rh7 Ne3 44. Bxe3 fxe3 45. Kxe3 Rxc2 46. Rxh4 Rxg2 47. Ke4 Re2+ 48. Kd5 Kb7 49. Rh7+ Kb8 50. Kc6 e4 51. fxe4 Rxe4 52. Kxb6 Re6+ 53. Kxa5 Re8 54. Ka6 Ka8 55. a5 Rg8 56. b6 Rf8 57. Ra7+ Kb8 58. Rd7 Ka8 59. Kb5 Rf5+ 60. Kc6 Rf6+ 61. Rd6 Rf8 62. a6 Rc8+ 63. Kb5 Rh8 64. Rd5 Rg8 65. a7 Rh8 66. Ka6 1-0


[Site "https://www.chess.com"]

[Event "Titled Tuesday Blitz February 14 Late 2023"]
[White "Drnovsek, Gal"]
[Black "Nasuta, Grzegorz"]
[WhiteFideId "14607077"]
[BlackFideId "1141686"]
[WhiteElo "2397"]
[BlackElo "2552"]
[Result "0-1"]
[Round "05"]
[TimeControl "180+2"]
[Date "2023.02.14"]
[WhiteClock "0:00:24"]
[BlackClock "0:01:00"]

1. e4 c5 2. c3 Nf6 3. e5 Nd5 4. d4 cxd4 5. cxd4 d6 6. Nf3 Nc6 7. Bc4 e6 8. O-O Be7 9. Qe2 O-O 10. Nc3 Nxc3 11. bxc3 dxe5 12. dxe5 Qa5 13. Bd2 Rd8 14. Bb3 Bd7 15. Rfe1 Be8 16. Qe4 Rd7 17. Bc2 g6 18. Bb3 Rad8 19. Re2 Qb5 20. Bh6 Qd3 21. Qf4 Qxc3 22. Rae1 Nd4 23. Re3 Nxf3+ 24. Qxf3 Rd3 25. h4 Qxe1+ 26. Rxe1 Rxf3 27. gxf3 Bxh4 28. Rc1 Bc6 29. Kg2 Rd3 30. Bd1 Be7 31. Be2 Rd8 32. Kg3 Bf8 33. Bg5 Rd5 34. f4 h6 35. Bf6 Bg7 36. Be7 g5 37. Bd6 gxf4+ 38. Kxf4 f6 39. Bb8 fxe5+ 40. Kg3 Rd2 41. Bc4 Kf7 42. Rf1 Rd4 43. Bb3 a5 44. f4 exf4+ 45. Bxf4 Ke7 46. Re1 Bd5 47. Bxd5 Rxd5 48. Rb1 b5 49. Bc7 a4 50. Ba5 Be5+ 51. Kg4 Bd6 52. Rh1 h5+ 53. Kf3 b4 54. Bb6 b3 55. axb3 axb3 56. Ke4 Bg3 57. Bd4 h4 58. Ra1 Rb5 59. Ra7+ Kd6 60. Ra6+ Kd7 61. Ra7+ Kc8 62. Bb2 h3 63. Rh7 h2 64. Rh3 Rb4+ 65. Kd3 Rh4 66. Rxg3 h1=Q 67. Rg8+ Kb7 68. Rg7+ Kc6 69. Be5 Qd5+ 0-1


[Site "https://www.chess.com"]

[Event "Titled Tuesday Blitz February 14 Late 2023"]
[White "Kielinkei"]
[Black "Barp, Alberto"]
[BlackFideId "872555"]
[WhiteElo "2399"]
[BlackElo "2432"]
[Result "0-1"]
[Round "05"]
[TimeControl "180+2"]
[Date "2023.02.14"]
[WhiteClock "0:00:33"]
[BlackClock "0:00:19"]

1. d4 e6 2. c4 Nf6 3. g3 d5 4. Bg2 Bb4+ 5. Nd2 O-O 6. Nf3 dxc4 7. O-O b5 8. a4 c6 9. Qc2 a5 10. b3 cxb3 11. Nxb3 bxa4 12. Rxa4 Ba6 13. Bd2 Bb5 14. Bxb4 Bxa4 15. Bxf8 Qxf8 16. Qa2 Bb5 17. Ne5 Nfd7 18. Rc1 a4 19. Nc5 Nxe5 20. dxe5 Na6 21. Qa3 Nxc5 22. Rxc5 Qd8 23. Bf3 Qd1+ 24. Kg2 Bxe2 25. Bxc6 Qf1# 0-1


[Site "https://www.chess.com"]

[Event "Titled Tuesday Blitz February 14 Late 2023"]
[White "Msellek, Ilyass"]
[Black "Fan_Of_Chucky"]
[WhiteFideId "675938"]
[WhiteElo "2420"]
[BlackElo "2398"]
[Result "1/2-1/2"]
[Round "05"]
[TimeControl "180+2"]
[Date "2023.02.14"]
[WhiteClock "0:00:05"]
[BlackClock "0:00:05"]

1. Nh3 Nh6 2. d4 d5 3. Bxh6 Bxh3 4. Bxg7 Bxg2 5. Bxh8 Bxh1 6. Qd3 Be4 7. Qb5+ Nd7 8. Nc3 Bxc2 9. Bh3 e6 10. Rc1 Bg6 11. Bf6 Qxf6 12. Nxd5 Qxd4 13. Rd1 Qxd1+ 14. Kxd1 O-O-O 15. Nc3 Nc5+ 16. Ke1 a6 17. Qc4 Rd6 18. b4 Nd7 19. a4 Bg7 20. Ne4 Rd4 21. Nd6+ Rxd6 22. b5 Rd4 23. Qc1 axb5 24. axb5 Bf8 25. Kf1 Rb4 26. Kg2 Rb1 27. Qc4 Rb4 28. Qa2 Nb6 29. Kg3 Bd6+ 30. Kg2 Rxb5 31. e3 Rg5+ 32. Kf3 Bh5+ 33. Ke4 Re5+ 34. Kd4 Rd5+ 35. Ke4 f5+ 36. Bxf5 Re5+ 37. Kd3 exf5 38. Qg8+ Be8 39. Qxh7 Kb8 40. h4 Bb5+ 41. Kc3 Nd5+ 42. Kd4 Ne7 43. Qh8+ Ka7 44. h5 Nc6+ 45. Kc3 Bb4+ 46. Kb2 Rc5 47. h6 Ba4 48. h7 Rc2+ 49. Kb1 Rxf2 50. Qf6 Rf1+ 51. Kb2 Rf2+ 52. Kb1 Rf1+ 53. Kb2 Rf2+ 54. Kb1 1/2-1/2


[Site "https://www.chess.com"]

[Event "Titled Tuesday Blitz February 14 Late 2023"]
[White "Stoyanov, Tsvetan"]
[Black "Hartikainen, Jarmo"]
[WhiteFideId "2917173"]
[BlackFideId "503134"]
[WhiteElo "2454"]
[BlackElo "2108"]
[Result "1-0"]
[Round "05"]
[TimeControl "180+2"]
[Date "2023.02.14"]
[WhiteClock "0:00:03"]
[BlackClock "0:00:02"]

1. e4 c5 2. Nf3 Nc6 3. d4 cxd4 4. Nxd4 Nf6 5. Nc3 d6 6. Bc4 e6 7. Be3 a6 8. Bb3 Qc7 9. f4 b5 10. f5 Nxd4 11. Qxd4 e5 12. Qd3 Bb7 13. Bg5 b4 14. Ba4+ Bc6 15. Qc4 Rc8 16. Qxb4 d5 17. Bxc6+ Qxc6 18. Qa5 d4 19. Qxe5+ Be7 20. Qxd4 O-O 21. O-O-O Rb8 22. e5 Qb7 23. b3 Ba3+ 24. Kb1 Ne8 25. Qa4 Bb4 26. Nd5 a5 27. a3 Bc5 28. Be3 Bxe3 29. Nxe3 Nc7 30. Rd7 Qb6 31. Nc4 Qc5 32. Rhd1 Nb5 33. Qxa5 Nc3+ 34. Qxc3 Rfc8 35. R7d5 Qc6 36. Ka2 h6 37. Rd6 Qb7 38. e6 Ra8 39. e7 Qa7 40. Rd8+ Kh7 41. Rxc8 Rxc8 42. Rd8 1-0


[Site "https://www.chess.com"]

[Event "Titled Tuesday Blitz February 14 Late 2023"]
[White "Svane, Rasmus"]
[Black "Bjelobrk, Igor"]
[WhiteFideId "4657101"]
[BlackFideId "4300726"]
[WhiteElo "2623"]
[BlackElo "2403"]
[Result "1-0"]
[Round "05"]
[TimeControl "180+2"]
[Date "2023.02.14"]
[WhiteClock "0:00:09"]
[BlackClock "0:00:08"]

1. Nf3 e6 2. g3 Nf6 3. Bg2 Be7 4. O-O O-O 5. c4 d5 6. b3 b6 7. d4 c6 8. Qc2 Nbd7 9. Bb2 Bb7 10. Rd1 Rc8 11. Nc3 c5 12. dxc5 Rxc5 13. cxd5 Nxd5 14. Qd2 N7f6 15. Nxd5 Rxd5 16. Qe1 Qa8 17. Rxd5 Bxd5 18. Rc1 h6 19. Qf1 Rc8 20. Rxc8+ Qxc8 21. Nd4 a6 22. Bxd5 Nxd5 23. e4 Nf6 24. Qe2 b5 25. Kg2 Qb7 26. f3 Qc7 27. Qc2 Qxc2+ 28. Nxc2 Kf8 29. Nd4 Nd7 30. Nc6 Bc5 31. f4 f6 32. Kf3 Ke8 33. g4 Bb6 34. h4 Nc5 35. Bd4 Nd7 36. Ke3 Bc7 37. Nb4 a5 38. Nc6 a4 39. bxa4 bxa4 40. f5 exf5 41. exf5 Nb6 42. Ke4 Nc4 43. Kd5 Nd2 44. Bc3 Nf3 45. Ke4 Nxh4 46. Be1 Ng2 47. Bd2 Kd7 48. Nd4 Be5 49. Ne6 g5 50. Nf8+ Ke8 51. Ng6 Bd6 52. Kf3 Nh4+ 53. Nxh4 gxh4 54. Kg2 Bf8 55. Kh3 Kd7 56. Kxh4 Kc6 57. Kh5 Kd5 58. Bxh6 Be7 59. Kg6 Ke4 60. Bg7 Kf4 61. Bxf6 Bd6 62. Kh5 Bc7 63. Bg5+ 1-0


[Site "https://www.chess.com"]

[Event "Titled Tuesday Blitz February 14 Late 2023"]
[White "Yoo, Christopher Woojin"]
[Black "Bujisho, Benjamin"]
[WhiteFideId "30909694"]
[BlackFideId "608610"]
[WhiteElo "2607"]
[BlackElo "2338"]
[Result "1/2-1/2"]
[Round "05"]
[TimeControl "180+2"]
[Date "2023.02.14"]
[WhiteClock "0:00:22"]
[BlackClock "0:00:55"]

1. Nf3 Nf6 2. c4 e6 3. Nc3 d5 4. e3 c5 5. cxd5 Nxd5 6. Bc4 Nxc3 7. bxc3 Nd7 8. d4 cxd4 9. cxd4 Bb4+ 10. Bd2 Qa5 11. O-O Bxd2 12. Qxd2 Qxd2 13. Nxd2 Ke7 14. Be2 b6 15. Rfc1 Bb7 16. Rc7 Rab8 17. Bb5 Rhd8 18. Nc4 f6 19. f3 a6 20. Bxd7 Rxd7 21. Rxd7+ Kxd7 22. Nxb6+ Kc7 23. Nc4 Bd5 24. Rc1 Kd7 25. a3 Rb3 26. e4 Bxc4 27. Rxc4 Rxa3 28. Rb4 Kc7 29. Rc4+ Kd7 30. Rb4 Kc7 31. Rc4+ Kd7 1/2-1/2


[Site "https://www.chess.com"]

[Event "Titled Tuesday Blitz February 14 Late 2023"]
[White "Katz, Alexander"]
[Black "Rasulov, Vugar"]
[WhiteFideId "2039796"]
[BlackFideId "13402390"]
[WhiteElo "2470"]
[BlackElo "2523"]
[Result "0-1"]
[Round "05"]
[TimeControl "180+2"]
[Date "2023.02.14"]
[WhiteClock "0:00:03"]
[BlackClock "0:00:21"]

1. e4 c5 2. Nf3 Nc6 3. d4 cxd4 4. Nxd4 Nf6 5. Nc3 e5 6. Ndb5 d6 7. Bg5 a6 8. Na3 Be6 9. Nc4 b5 10. Bxf6 gxf6 11. Ne3 Bh6 12. Ncd5 O-O 13. Bd3 Bxe3 14. Nxe3 Ne7 15. Qh5 Kh8 16. Rd1 Rg8 17. O-O Ng6 18. g3 Nf4 19. Qf3 Nh3+ 20. Kh1 Ng5 21. Qe2 Bh3 22. Rg1 Ne6 23. Qh5 Ng5 24. f4 Qb6 25. Nd5 Qf2 26. fxg5 Be6 27. Nxf6 Rg7 28. Rgf1 Qe3 29. Rde1 Qd2 30. Re2 Qb4 31. c3 Qc5 32. Ref2 b4 33. Be2 bxc3 34. bxc3 Qxc3 35. Bg4 Bc4 36. Rg1 Qe3 37. Rf3 Qd2 38. Bf5 Be2 39. Bxh7 Rxg5 40. Rf2 Rxh5 41. Nxh5 Qe3 42. Rgg2 Bf3 43. Bf5 Qe1+ 0-1


[Site "https://www.chess.com"]

[Event "Titled Tuesday Blitz February 14 Late 2023"]
[White "Melikyan, Gnel"]
[Black "Predke, Alexandr"]
[WhiteFideId "54109990"]
[BlackFideId "24107581"]
[WhiteElo "2238"]
[BlackElo "2685"]
[Result "1/2-1/2"]
[Round "05"]
[TimeControl "180+2"]
[Date "2023.02.14"]
[WhiteClock "0:00:09"]
[BlackClock "0:00:25"]

1. e4 c5 2. Nf3 e6 3. d4 cxd4 4. Nxd4 a6 5. Nc3 b5 6. Bd3 Bb7 7. O-O Nc6 8. Nxc6 Bxc6 9. Re1 Ne7 10. a4 b4 11. Ne2 Ng6 12. c3 bxc3 13. Nxc3 Bc5 14. Qe2 O-O 15. Be3 Bxe3 16. Qxe3 Qb8 17. Reb1 Qe5 18. g3 Rfb8 19. f4 Qd6 20. e5 Qb4 21. Be4 Ne7 22. Bxc6 Nxc6 23. Qe4 Qc5+ 24. Kg2 Rb4 25. Qe2 Rab8 26. Ra2 Nd4 27. Qxa6 Rc4 28. Rd1 h5 29. Qd6 Qxd6 30. exd6 Nf5 31. Kf2 Rb6 32. a5 Ra6 33. Ra3 Rb4 34. b3 Nxd6 35. Na2 Rb8 36. b4 Rc6 37. Kf3 Nb5 38. Rad3 d5 39. Rc1 Rbc8 40. Rxc6 Rxc6 41. Ke3 Rc2 42. Rd2 d4+ 43. Kd3 Rxd2+ 44. Kxd2 f6 45. Kd3 e5 46. fxe5 fxe5 47. Kc4 Nd6+ 48. Kd5 Nb5 49. Kxe5 d3 50. a6 d2 51. a7 Nxa7 52. Nc3 Nc6+ 53. Kf4 Nxb4 54. Kf3 Nd5 55. Nd1 Nf6 56. Ke2 Ng4 57. h3 Nf6 58. Nf2 Kf7 59. Kxd2 Ke6 60. Ke3 Kf5 61. Kf3 g5 62. g4+ hxg4+ 63. hxg4+ Ke5 64. Nh3 Nh7 65. Nxg5 Nxg5+ 66. Kg3 Ke4 67. Kh4 Kf4 68. Kh5 Nf3 69. g5 Nxg5 1/2-1/2


[Site "https://www.chess.com"]

[Event "Titled Tuesday Blitz February 14 Late 2023"]
[White "Gharibyan, Mamikon"]
[Black "Baghdasaryan, Vahe"]
[WhiteFideId "13308300"]
[BlackFideId "13303139"]
[WhiteElo "2500"]
[BlackElo "2257"]
[Result "1-0"]
[Round "05"]
[TimeControl "180+2"]
[Date "2023.02.14"]
[WhiteClock "0:00:09"]
[BlackClock "0:00:02"]

1. e4 c5 2. Nf3 e6 3. g3 a6 4. Bg2 Nc6 5. O-O b5 6. d4 cxd4 7. Nxd4 Bb7 8. Nc3 Bc5 9. Nb3 Ba7 10. Qg4 Qf6 11. h4 h6 12. Bf4 Nge7 13. e5 Qf5 14. Qxf5 Nxf5 15. a4 b4 16. Ne4 Ke7 17. Nec5 Rab8 18. Rad1 Rhd8 19. h5 a5 20. Be4 Ba8 21. Rd2 Nfd4 22. Nxd4 Nxd4 23. Bxa8 Bxc5 24. Be4 f5 25. exf6+ Kxf6 26. Bxb8 Rxb8 27. Rfd1 e5 28. c3 bxc3 29. bxc3 Ne6 30. Rxd7 Rb2 31. R7d2 Rb3 32. Rd3 Ng5 33. Bd5 Rb2 34. R3d2 Rb6 35. Kg2 e4 36. Re2 Ke5 37. c4 Rb3 38. Rde1 Rf3 39. Rxe4+ Kd6 40. Rf4 Ra3 41. Re2 Rxa4 42. Rf8 Ra3 43. f4 Nh7 44. Rf7 Be3 45. Rxg7 Nf6 46. Rg6 Bd4 47. Re6+ Kc5 48. Rgxf6 Bxf6 49. Rxf6 1-0


[Site "https://www.chess.com"]

[Event "Titled Tuesday Blitz February 14 Late 2023"]
[White "Cori T., Deysi"]
[Black "Kravtsiv, Martyn"]
[WhiteFideId "3801934"]
[BlackFideId "14113147"]
[WhiteElo "2362"]
[BlackElo "2598"]
[Result "0-1"]
[Round "05"]
[TimeControl "180+2"]
[Date "2023.02.14"]
[WhiteClock "0:00:01"]
[BlackClock "0:00:28"]

1. d4 g6 2. g3 Bg7 3. Bg2 Nf6 4. Nf3 O-O 5. O-O b6 6. a4 Bb7 7. a5 bxa5 8. Rxa5 d6 9. Nc3 c5 10. Ra3 Nbd7 11. Qd3 cxd4 12. Nxd4 Ne5 13. Qb5 Bxg2 14. Kxg2 Qc8 15. Qa6 Nc4 16. Ra2 Nb6 17. Bg5 Qc5 18. Nf3 Qc6 19. Qb5 Qb7 20. Rfa1 Rfc8 21. Be3 Nfd7 22. Ra3 Bxc3 23. bxc3 Nc5 24. Kg1 a6 25. Qb4 Nd5 26. Qxb7 Nxb7 27. Bd2 Nc5 28. Nd4 Rab8 29. f3 Nb6 30. Be1 Nc4 31. R3a2 a5 32. e4 a4 33. Ne2 a3 34. Bf2 Na4 35. Rxa3 Nxa3 36. Rxa3 Rc4 37. Kg2 Rbc8 0-1


[Site "https://www.chess.com"]

[Event "Titled Tuesday Blitz February 14 Late 2023"]
[White "Mikaelyan, Arman"]
[Black "Krishnan, Varun"]
[WhiteFideId "13304852"]
[BlackFideId "5054508"]
[WhiteElo "2523"]
[BlackElo "2341"]
[Result "0-1"]
[Round "05"]
[TimeControl "180+2"]
[Date "2023.02.14"]
[WhiteClock "0:00:11"]
[BlackClock "0:00:09"]

1. a3 e5 2. e3 d5 3. d4 exd4 4. exd4 Nf6 5. Bd3 Bd6 6. Nf3 Qe7+ 7. Be3 Ng4 8. Qe2 Nxe3 9. Qxe3 O-O 10. O-O Re8 11. Qxe7 Rxe7 12. Nc3 c6 13. Rfe1 Be6 14. Ng5 h6 15. Nxe6 fxe6 16. g3 e5 17. dxe5 Rxe5 18. Rxe5 Bxe5 19. Re1 Nd7 20. Bf5 Bxc3 21. bxc3 Nc5 22. Re7 Kf8 23. Rc7 Re8 24. Bg6 Rb8 25. Kg2 Na4 26. c4 dxc4 27. f4 Nb6 28. f5 Nd5 29. Rf7+ Kg8 30. Kf3 a5 31. Rd7 b5 32. Bf7+ Kf8 33. Be6 Ne7 34. Kf4 c3 35. Ke5 b4 36. axb4 axb4 37. Kd6 b3 38. Rxe7 Rd8+ 39. Bd7 b2 40. Re1 Ra8 41. Bxc6 Ra1 42. Re8+ Kf7 43. Rb8 b1=Q 44. Rxb1 Rxb1 45. Ke5 Re1+ 46. Be4 Ke7 47. g4 Re2 48. h4 Rd2 49. g5 hxg5 50. hxg5 Kf7 51. Bd5+ Ke7 52. Be4 Kf7 53. Bd5+ Ke7 54. Bb3 Re2+ 55. Kf4 Rf2+ 56. Kg4 Rg2+ 57. Kh5 Rf2 58. Kg6 Kf8 59. Ba4 Rd2 60. Kh5 Rd6 61. Bb3 g6+ 62. Kg4 Kg7 63. f6+ Kf8 64. Kf4 Rb6 65. Bc4 Rb4 66. Ke3 Rxc4 67. Kd3 Rg4 68. Kxc3 Rxg5 69. Kd4 Kf7 70. c4 Kxf6 71. c5 Rg1 72. c6 Rc1 73. Kd5 g5 74. Kd6 g4 75. c7 Rxc7 76. Kxc7 g3 77. Kd6 g2 78. Kd5 g1=Q 0-1


[Site "https://www.chess.com"]

[Event "Titled Tuesday Blitz February 14 Late 2023"]
[White "Toncheva, Nadya"]
[Black "Ahmadzada, Ahmad"]
[WhiteFideId "2924056"]
[BlackFideId "13413007"]
[WhiteElo "2295"]
[BlackElo "2488"]
[Result "1-0"]
[Round "05"]
[TimeControl "180+2"]
[Date "2023.02.14"]
[WhiteClock "0:00:07"]
[BlackClock "0:00:01"]

1. e4 Nf6 2. e5 Nd5 3. c4 Nb6 4. d4 d6 5. exd6 cxd6 6. Nc3 g6 7. Be3 Bg7 8. h3 O-O 9. Nf3 Nc6 10. Be2 Bf5 11. O-O Rc8 12. Rc1 d5 13. c5 Nc4 14. Bxc4 dxc4 15. d5 Nb4 16. Ne1 Bd3 17. Nxd3 Nxd3 18. Rc2 Nxc5 19. Nb5 Nd3 20. Nxa7 Ra8 21. b3 Nb4 22. Rxc4 Nxd5 23. Bd4 e6 24. Bxg7 Kxg7 25. a4 Qf6 26. Nb5 Rad8 27. Qd4 e5 28. Qe4 b6 29. Re1 Rfe8 30. Rcc1 Nf4 31. Rcd1 Rxd1 32. Rxd1 Qg5 33. Qf3 e4 34. Qg4 Qf6 35. Rd6 Qe5 36. Rd1 e3 37. fxe3 Qxe3+ 38. Kh2 h5 39. Qg3 Qe5 40. Rf1 Nd5 41. Qxe5+ Rxe5 42. Nd6 f5 43. Rd1 Ne3 44. Rd3 h4 45. Nc4 Nf1+ 46. Kg1 Re1 47. Kf2 Rc1 48. Ne3 Ng3 49. Rd7+ Kf8 50. Rd6 f4 51. Rf6+ Ke7 52. Rxf4 Rb1 53. Rb4 g5 54. Rxb6 Rb2+ 55. Kf3 Kd7 56. Rb7+ Kc6 57. Rb8 Kc5 58. Rb5+ Kc6 59. Nc4 Rb1 60. Ne5+ Kd6 61. Nf7+ Kc6 62. Nxg5 Rf1+ 63. Kg4 Ne2 64. Kxh4 Rf4+ 65. Kh5 Rf6 66. g4 Ng3+ 67. Kh4 Ne2 68. Ne4 Re6 69. Ng3 Nd4 70. Rb8 Nf3+ 71. Kh5 Re5+ 72. Kg6 Nh4+ 73. Kf6 Re3 74. Nf5 Rf3 75. Kg5 Ng2 76. h4 Nf4 77. h5 Ne6+ 78. Kf6 Nc5 79. Rc8+ Kd5 80. h6 Ne4+ 81. Kg7 Rf4 82. Ne7+ Ke6 83. Ng6 Rxg4 84. h7 Nd6 85. Rc6 1-0


[Site "https://www.chess.com"]

[Event "Titled Tuesday Blitz February 14 Late 2023"]
[White "Riff, Vincent"]
[Black "Baskakov, Egor"]
[WhiteFideId "617776"]
[BlackFideId "24197866"]
[WhiteElo "2383"]
[BlackElo "2215"]
[Result "0-1"]
[Round "05"]
[TimeControl "180+2"]
[Date "2023.02.14"]
[WhiteClock "0:00:37"]
[BlackClock "0:01:13"]

1. e4 c5 2. Nc3 Nc6 3. Bb5 g6 4. Bxc6 dxc6 5. d3 e5 6. f4 exf4 7. Bxf4 Bg7 8. Nf3 Ne7 9. O-O h6 10. Qe1 g5 11. Be3 b6 12. Rd1 Bg4 13. Qg3 Qd7 14. d4 Bxf3 15. Qxf3 O-O 16. dxc5 Qe6 17. cxb6 axb6 18. Bd4 Bxd4+ 19. Rxd4 f5 20. Rfd1 Qe5 21. Qh5 Kg7 22. exf5 Rxf5 23. Re4 Qc5+ 24. Kh1 Raf8 25. Qe2 Ng6 26. g3 Rf2 27. Rd7+ Kh8 28. Qh5 Rf1+ 29. Kg2 R8f2+ 30. Kh3 Qf5+ 31. Qg4 Rxh2+ 0-1


[Site "https://www.chess.com"]

[Event "Titled Tuesday Blitz February 14 Late 2023"]
[White "Mujumdar, Sameer"]
[Black "Ozen, Bahadir"]
[WhiteFideId "2029707"]
[BlackFideId "6337058"]
[WhiteElo "1992"]
[BlackElo "2369"]
[Result "0-1"]
[Round "05"]
[TimeControl "180+2"]
[Date "2023.02.14"]
[WhiteClock "0:00:16"]
[BlackClock "0:00:47"]

1. b3 d5 2. Bb2 Bf5 3. g3 e6 4. Bg2 h6 5. Nf3 Nf6 6. O-O Be7 7. c4 c6 8. d3 O-O 9. Nc3 Nbd7 10. Qd2 Bh7 11. Rad1 a5 12. a3 Qb6 13. Qc2 Nc5 14. Nd2 Rfc8 15. e4 dxe4 16. Ncxe4 Nfxe4 17. dxe4 Rd8 18. Kh1 Nd3 19. Nb1 Nxb2 20. Qxb2 Bc5 21. f3 Bd4 22. Qc2 Qc5 23. Rd2 Rd7 24. Rfd1 Rad8 25. Nc3 Qxa3 26. Na4 Qb4 27. Bf1 e5 28. Bh3 Re7 29. Nc3 Ra8 30. Ne2 Bb6 31. Nc3 Kh8 32. Kg2 Bg8 33. Rd7 Rae8 34. Na4 Bd4 35. Rxe7 Rxe7 36. f4 f6 37. Bf5 b5 38. cxb5 cxb5 39. Nb2 Qxb3 40. Qxb3 Bxb3 41. Rb1 0-1


[Site "https://www.chess.com"]

[Event "Titled Tuesday Blitz February 14 Late 2023"]
[White "Jimenez Garcia, Emmanuel"]
[Black "Pulpan, Jakub"]
[WhiteFideId "6504779"]
[BlackFideId "302759"]
[WhiteElo "2410"]
[BlackElo "2427"]
[Result "1-0"]
[Round "05"]
[TimeControl "180+2"]
[Date "2023.02.14"]
[WhiteClock "0:00:24"]
[BlackClock "0:00:06"]

1. Nf3 a5 2. g3 b5 3. Bg2 Bb7 4. O-O Nf6 5. d3 d5 6. c4 c6 7. Nc3 b4 8. Na4 e6 9. Be3 Nbd7 10. Rc1 Be7 11. h3 O-O 12. Nd2 Rc8 13. Nb3 e5 14. cxd5 Nxd5 15. Bc5 Nxc5 16. Nbxc5 Ba8 17. Qb3 h5 18. Rc4 h4 19. d4 hxg3 20. Qxg3 Bh4 21. Qf3 Bf6 22. dxe5 Bxe5 23. Qh5 Re8 24. Rh4 g6 25. Qh7+ Kf8 26. Re4 Rc7 27. Rxe5 Qf6 28. Qh6+ Qg7 29. Rxe8+ Kxe8 30. Qxg7 Re7 31. Qg8# 1-0


[Site "https://www.chess.com"]

[Event "Titled Tuesday Blitz February 14 Late 2023"]
[White "Guzman Moneo, Alberto"]
[Black "Oro, Faustino"]
[WhiteFideId "2209616"]
[BlackFideId "20000197"]
[WhiteElo "2170"]
[BlackElo "2269"]
[Result "0-1"]
[Round "05"]
[TimeControl "180+2"]
[Date "2023.02.14"]
[WhiteClock "0:00:09"]
[BlackClock "0:00:40"]

1. Nf3 Nf6 2. g3 d5 3. Bg2 c6 4. d3 Bf5 5. Nbd2 e6 6. b3 h6 7. Bb2 Be7 8. c4 O-O 9. O-O Nbd7 10. Rc1 Re8 11. Ne5 Bh7 12. Rc2 Bd6 13. Qa1 Qc7 14. Ndf3 Nxe5 15. Bxe5 Qe7 16. Rfc1 Rad8 17. h3 a5 18. Bxd6 Qxd6 19. Qe5 Qe7 20. g4 Nd7 21. Qc7 Nf8 22. Qxa5 e5 23. cxd5 cxd5 24. Rc7 Qf6 25. Qc3 d4 26. Qd2 e4 27. dxe4 Bxe4 28. Nh2 Bxg2 29. Kxg2 Ne6 30. Rxb7 Nf4+ 31. Kh1 Nxe2 32. Rcc7 Qxf2 33. Qd1 Ng3# 0-1


[Site "https://www.chess.com"]